SNL (28 & UNDER)
MEMPHIS BLUES @ GAINESVILLE GUIDOS
09/05/2024
 
TOP OF THE 1ST
Memphis Blues batting - Pitching for Gainesville Guidos : RHP Rodney Hall
Pitching: RHP Rodney Hall
Batting: RHB Glenn Johnson 0-0: SINGLE (Line Drive, 56D)
Batting: RHB Cal Keys 0-0: Called Strike
0-1: Foul Ball, location: 2F
0-2: Ball
1-2: Foul Ball, location: 2F
1-2: Ball
2-2: Ball
3-2: SINGLE (Groundball, 4MD)
Glenn Johnson to second
Batting: RHB Sadao Kato 0-0: Ball
1-0: Grounds into double play, 1-4-3 (Groundball, 13S)
Glenn Johnson to third
Batting: RHB Javier Ramírez 0-0: Ball
1-0: Foul Ball, location: 2F
1-1: Fly out, F9 (Flyball, 9LM)
Top of the 1st over - 0 run(s), 2 hit(s), 0 error(s), 1 left on base; Memphis 0 - Gainesville 0
BOTTOM OF THE 1ST
Gainesville Guidos batting - Pitching for Memphis Blues : LHP Esteban Peña
Pitching: LHP Esteban Peña
Batting: RHB Iván Moreno 0-0: Ball
1-0: Ball
2-0: Ball
3-0: Called Strike
3-1: Foul Ball, location: 2F
3-2: Foul Ball, location: 2F
3-2: Strikes out swinging
Batting: RHB Mitch Thomas 0-0: Foul Ball, location: 2F
0-1: Ball
1-1: Foul Ball, location: 2F
1-2: Foul Ball, location: 2F
1-2: Foul Ball, location: 2F
1-2: Ball
2-2: Strikes out swinging
Batting: LHB Ed Hart 0-0: Swinging Strike
0-1: Swinging Strike
0-2: Ball
1-2: Ground out 6-3 (Groundball, 6M)
Bottom of the 1st over - 0 run(s), 0 hit(s), 0 error(s), 0 left on base; Memphis 0 - Gainesville 0
TOP OF THE 2ND
Memphis Blues batting - Pitching for Gainesville Guidos : RHP Rodney Hall
Batting: RHB Ángel López 0-0: Ball
1-0: Called Strike
1-1: Called Strike
1-2: Ball
2-2: Foul Ball, location: 2F
2-2: Strikes out swinging
Batting: LHB Ken Nelson 0-0: Called Strike
0-1: Foul Ball, location: 2F
0-2: Ball
1-2: SINGLE (Groundball, 56D) (infield hit)
Batting: LHB John Foster 0-0: Foul Ball, location: 2F
0-1: Ball
1-1: Foul Ball, location: 2F
1-2: Ball
2-2: Strikes out swinging
Batting: RHB Artie Green 0-0: Ball
1-0: Foul Ball, location: 2F
1-1: Foul Ball, location: 2F
1-2: Strikes out looking
Top of the 2nd over - 0 run(s), 1 hit(s), 0 error(s), 1 left on base; Memphis 0 - Gainesville 0
BOTTOM OF THE 2ND
Gainesville Guidos batting - Pitching for Memphis Blues : LHP Esteban Peña
Batting: LHB Mark Owens 0-0: SINGLE (Groundball, 34D)
Batting: LHB Ed Murray 0-0: Called Strike
0-1: Ball
1-1: Called Strike
1-2: Strikes out looking
Batting: RHB Kyle O'Day 0-0: Called Strike
0-1: Called Strike
0-2: Ball
1-2: Strikes out looking
Batting: LHB Eddy Jefferson 0-0: Called Strike
0-1: Called Strike
0-2: Ball
1-2: Foul Ball, location: 2F
1-2: Foul Ball, location: 2F
1-2: Strikes out swinging wild pitch, reaches first!
Mark Owens to second
Batting: RHB Noriyori Ine 0-0: Foul Ball, location: 2F
0-1: SINGLE (Line Drive, 5D)
Mark Owens to third
Eddy Jefferson to second
Batting: RHB Ben Morton 0-0: SINGLE (Groundball, 5D)
Mark Owens scores
Eddy Jefferson to third
Noriyori Ine to second
Runner from 3rd tries for Home, SAFE, no throw or cutoff
Batting: RHB Iván Moreno 0-0: Ball
1-0: DOUBLE (Flyball, 9LS)
Noriyori Ine scores
Ben Morton to third
Runner from 3rd tries for Home, SAFE, no throw or cutoff
Batting: RHB Mitch Thomas 0-0: Ball
1-0: Called Strike
1-1: Foul Ball, location: 2F
1-2: Fly out, F7 (Flyball, 7D)
Bottom of the 2nd over - 4 run(s), 4 hit(s), 0 error(s), 1 left on base; Memphis 0 - Gainesville 4
TOP OF THE 3RD
Memphis Blues batting - Pitching for Gainesville Guidos : RHP Rodney Hall
Batting: RHB Salvador Mendoza 0-0: Foul Ball, location: 2F
0-1: Ball
1-1: Ball
2-1: Foul Ball, location: 2F
2-2: Ball
3-2: Strikes out looking
Batting: RHB Glenn Johnson 0-0: Called Strike
0-1: Swinging Strike
0-2: Ball
1-2: Ball
2-2: Strikes out swinging
Batting: RHB Cal Keys 0-0: Called Strike
0-1: Ball
1-1: Ball
2-1: Called Strike
2-2: Strikes out looking
Top of the 3rd over - 0 run(s), 0 hit(s), 0 error(s), 0 left on base; Memphis 0 - Gainesville 4
BOTTOM OF THE 3RD
Gainesville Guidos batting - Pitching for Memphis Blues : LHP Esteban Peña
Batting: LHB Ed Hart 0-0: Called Strike
0-1: Ball
1-1: SOLO HOME RUN (Flyball, 9D) (Inside the Park)
Batting: LHB Mark Owens 0-0: Ball
1-0: Called Strike
1-1: Foul Ball, location: 2F
1-2: Ball
2-2: SINGLE (Flyball, 8RS)
Batting: LHB Ed Murray 0-0: Ball
Pickoff Throw to First - Out!
1-0: Fly out, F6 (Popup, 56)
Batting: RHB Kyle O'Day 0-0: Called Strike
0-1: Ground out 5-3 (Groundball, 5)
Bottom of the 3rd over - 1 run(s), 2 hit(s), 0 error(s), 0 left on base; Memphis 0 - Gainesville 5
TOP OF THE 4TH
Memphis Blues batting - Pitching for Gainesville Guidos : RHP Rodney Hall
Batting: RHB Sadao Kato 0-0: Foul Ball, location: 2F
0-1: Ball
1-1: Ball
2-1: Ball
3-1: Base on Balls
Batting: RHB Javier Ramírez 0-0: Ball
1-0: Foul Ball, location: 2F
1-1: Foul Ball, location: 2F
1-2: Foul Ball, location: 2F
1-2: Ball
2-2: Foul Ball, location: 2F
2-2: Foul Ball, location: 2F
2-2: Strikes out swinging
Batting: RHB Ángel López 0-0: Ball
1-0: Called Strike
1-1: Called Strike
1-2: Ball
2-2: Strikes out swinging
Batting: LHB Ken Nelson 0-0: Called Strike
0-1: Ball
1-1: Swinging Strike
1-2: Ball
2-2: Strikes out looking
Top of the 4th over - 0 run(s), 0 hit(s), 0 error(s), 1 left on base; Memphis 0 - Gainesville 5
BOTTOM OF THE 4TH
Gainesville Guidos batting - Pitching for Memphis Blues : LHP Esteban Peña
Batting: LHB Eddy Jefferson 0-0: Foul Ball, location: 2F
0-1: Ball
1-1: Ball
2-1: SINGLE (Flyball, 56D)
Batting: RHB Noriyori Ine 0-0: Foul Ball, location: 2F
0-1: Ball
1-1: Ball
2-1: Swinging Strike
2-2: SINGLE (Groundball, 3D)
Eddy Jefferson to second
Runner from 2nd tries for 3rd, SAFE, throw made to third
Batting: RHB Ben Morton 0-0: SINGLE (Groundball, 5D)
Eddy Jefferson scores
Noriyori Ine to second
Batting: RHB Iván Moreno 0-0: Called Strike
Noriyori Ine steals 3rd base
Ben Morton to second
0-1: Ground out 3-1 (Groundball, 34)
Noriyori Ine scores
Ben Morton to third
Batting: RHB Mitch Thomas 0-0: Ball
1-0: SINGLE (Line Drive, 4M)
Ben Morton scores
Pitching: RHP Lee Donahue
Batting: LHB Ed Hart 0-0: Foul Ball, location: 2F
0-1: Called Strike
0-2: SINGLE (Flyball, 7LS)
Mitch Thomas to second
Mitch Thomas to third
Batting: LHB Mark Owens 0-0: Ball
1-0: Called Strike
1-1: Ball
2-1: Swinging Strike
2-2: Ball
3-2: Base on Balls
Ed Hart to second
Batting: LHB Ed Murray 0-0: Ball
1-0: Ball
2-0: Called Strike
2-1: Ball
3-1: Foul Ball, location: 2F
3-2: Base on Balls
Mitch Thomas scores
Ed Hart to third
Mark Owens to second
Batting: RHB Kyle O'Day 0-0: Called Strike
0-1: Swinging Strike
0-2: Ball
1-2: Grounds into fielders choice 1-2 (Groundball, 15)
Mark Owens to third
Ed Murray to second
Batting: LHB Eddy Jefferson 0-0: Foul Ball, location: 2F
0-1: Foul Ball, location: 2F
0-2: Foul Ball, location: 2F
0-2: Strikes out swinging
Bottom of the 4th over - 4 run(s), 5 hit(s), 0 error(s), 3 left on base; Memphis 0 - Gainesville 9
TOP OF THE 5TH
Memphis Blues batting - Pitching for Gainesville Guidos : RHP Rodney Hall
Batting: LHB John Foster 0-0: Ball
1-0: Ball
2-0: Ground out 4-3 (Groundball, 4)
Batting: RHB Artie Green 0-0: Ball
1-0: Bunt for hit - play at first, batter OUT! 4-3
Batting: RHB Salvador Mendoza 0-0: DOUBLE (Line Drive, 9LM)
Batting: RHB Glenn Johnson 0-0: Called Strike
0-1: Foul Ball, location: 2F
0-2: DOUBLE (Flyball, 7LD)
Salvador Mendoza scores
Batting: RHB Cal Keys 0-0: Ball
1-0: Ball
2-0: Foul Ball, location: 2F
2-1: Foul Ball, location: 2F
2-2: Ball
Passed Ball!
Glenn Johnson to third
3-2: Base on Balls
Batting: RHB Sadao Kato 0-0: Ball
1-0: Foul Ball, location: 2F
1-1: Fly out, F8 (Flyball, 8LM)
Top of the 5th over - 1 run(s), 2 hit(s), 0 error(s), 2 left on base; Memphis 1 - Gainesville 9
BOTTOM OF THE 5TH
Gainesville Guidos batting - Pitching for Memphis Blues : RHP Lee Donahue
Batting: RHB Noriyori Ine 0-0: Swinging Strike
0-1: Ball
1-1: Foul Ball, location: 2F
1-2: Foul Ball, location: 2F
1-2: Foul Ball, location: 2F
1-2: Foul Ball, location: 2F
1-2: Ball
2-2: Fly out, F7 (Flyball, 7D)
Batting: RHB Ben Morton 0-0: Ball
1-0: Ball
2-0: Foul Ball, location: 2F
2-1: SINGLE (Line Drive, 9S)
Pitching: RHP Carlos Ledezma
Batting: RHB Iván Moreno 0-0: Called Strike
0-1: Ball
1-1: Grounds into double play, 1-6-3 (Groundball, 13)
Bottom of the 5th over - 0 run(s), 1 hit(s), 0 error(s), 0 left on base; Memphis 1 - Gainesville 9
TOP OF THE 6TH
Memphis Blues batting - Pitching for Gainesville Guidos : RHP Rodney Hall
Pitching: LHP Dave Blackwell
Batting: RHB Javier Ramírez 0-0: Called Strike
0-1: Called Strike
0-2: Strikes out swinging
Batting: RHB Ángel López 0-0: Ball
1-0: Ground out 4-3 (Groundball, 34)
Batting: LHB Ken Nelson 0-0: Swinging Strike
0-1: Ground out 4-3 (Groundball, 4)
Top of the 6th over - 0 run(s), 0 hit(s), 0 error(s), 0 left on base; Memphis 1 - Gainesville 9
BOTTOM OF THE 6TH
Gainesville Guidos batting - Pitching for Memphis Blues : RHP Carlos Ledezma
Batting: RHB Mitch Thomas 0-0: Ground out 6-3 (Groundball, 6M)
Batting: LHB Ed Hart 0-0: Ball
1-0: DOUBLE (Line Drive, 7LM)
Batting: LHB Mark Owens 0-0: Called Strike
0-1: Foul Ball, location: 2F
0-2: Ball
1-2: Fly out, F8 (Flyball, 8LM)
Batting: LHB Ed Murray 0-0: Foul Ball, location: 2F
0-1: Ball
1-1: Foul Ball, location: 2F
1-2: Ball
2-2: Strikes out swinging
Bottom of the 6th over - 0 run(s), 1 hit(s), 0 error(s), 1 left on base; Memphis 1 - Gainesville 9
TOP OF THE 7TH
Memphis Blues batting - Pitching for Gainesville Guidos : LHP Dave Blackwell
Batting: LHB John Foster 0-0: Ball
1-0: Called Strike
1-1: Foul Ball, location: 2F
1-2: Strikes out swinging
Batting: RHB Artie Green 0-0: Called Strike
0-1: Ball
1-1: Swinging Strike
1-2: SINGLE (Line Drive, 6MD)
Batting: RHB Salvador Mendoza 0-0: Called Strike
0-1: Ball
1-1: Foul Ball, location: 2F
1-2: Foul Ball, location: 2F
1-2: SINGLE (Line Drive, 9LS)
Artie Green to second
Runner from 2nd tries for 3rd, SAFE, throw made to third
Batting: RHB Glenn Johnson 0-0: Ball
1-0: Foul Ball, location: 2F
1-1: Grounds into double play, 6-4-3 (Groundball, 6M)
Top of the 7th over - 0 run(s), 2 hit(s), 0 error(s), 1 left on base; Memphis 1 - Gainesville 9
BOTTOM OF THE 7TH
Gainesville Guidos batting - Pitching for Memphis Blues : RHP Carlos Ledezma
Batting: RHB Kyle O'Day 0-0: Called Strike
0-1: Called Strike
0-2: DOUBLE (Line Drive, 7LM)
Batting: LHB Eddy Jefferson 0-0: Called Strike
0-1: Ball
1-1: Swinging Strike
1-2: Foul Ball, location: 2F
1-2: Ball
2-2: Ground out 4-3 (Groundball, 4)
Kyle O'Day to third
Batting: RHB Noriyori Ine 0-0: Ball
1-0: Foul Ball, location: 2F
1-1: Ball
2-1: Called Strike
2-2: Strikes out swinging
Batting: RHB Ben Morton 0-0: Ball
1-0: Ground out 6-3 (Groundball, 6)
Bottom of the 7th over - 0 run(s), 1 hit(s), 0 error(s), 1 left on base; Memphis 1 - Gainesville 9
TOP OF THE 8TH
Memphis Blues batting - Pitching for Gainesville Guidos : LHP Dave Blackwell
Pitching: RHP Juan Patino
Now at C: Ramón Durán
Batting: RHB Cal Keys 0-0: Fly out, F9 (Flyball, 9M)
Batting: RHB Sadao Kato 0-0: Called Strike
0-1: Foul Ball, location: 2F
0-2: Ground out 6-3 (Groundball, 6)
Batting: RHB Javier Ramírez 0-0: Called Strike
0-1: Swinging Strike
0-2: Ball
1-2: Ball
2-2: Ball
3-2: Strikes out swinging
Top of the 8th over - 0 run(s), 0 hit(s), 0 error(s), 0 left on base; Memphis 1 - Gainesville 9
BOTTOM OF THE 8TH
Gainesville Guidos batting - Pitching for Memphis Blues : RHP Carlos Ledezma
Pinch Hitting: LHB Marcos Villarreal 0-0: Called Strike
0-1: Ball
1-1: SINGLE (Line Drive, 4MD)
Batting: RHB Mitch Thomas 0-0: Sac Bunt - play at first, batter OUT! 1-4
Marcos Villarreal to second
Batting: LHB Ed Hart 0-0: SINGLE (Flyball, 89S)
Marcos Villarreal to third
Runner from 3rd tries for Home, SAFE, throw made home
Batting: LHB Mark Owens 0-0: Grounds into double play, 4-6-3 (Groundball, 4)
Bottom of the 8th over - 1 run(s), 2 hit(s), 0 error(s), 0 left on base; Memphis 1 - Gainesville 10
TOP OF THE 9TH
Memphis Blues batting - Pitching for Gainesville Guidos : RHP Juan Patino
Now at 3B: José Ortega
Batting: RHB Ángel López 0-0: Ground out 4-3 (Groundball, 4S)
Batting: LHB Ken Nelson 0-0: Ball
1-0: Fly out, F5 (Popup, 5SF)
Batting: LHB John Foster 0-0: Foul Ball, location: 2F
0-1: Ball
1-1: Ball
2-1: Swinging Strike
2-2: Foul Ball, location: 2F
2-2: Strikes out swinging
Top of the 9th over - 0 run(s), 0 hit(s), 0 error(s), 0 left on base; Memphis 1 - Gainesville 10
This league is powered by Out of the Park Baseball, the baseball management simulation game for PC, Mac and Linux
Saturday, April 9th, 2016 - OOTP Baseball 16.8 Build 38